 Dungeon Crawl Stone Soup version 0.19-a0-585-ge40200b (webtiles) character file.

2935 shmeve the Covert (level 9, -4/69 HPs)
             Began as a Vampire Berserker on June 9, 2016.
             Was a Priest of Trog.
             Slain by a yak (6 damage)
             ... on level 9 of the Dungeon on June 10, 2016.
             The game lasted 00:18:06 (7089 turns).

shmeve the Covert (Vampire Berserker)               Turns: 7089, Time: 00:18:08

Health: -4/69      AC: 13    Str: 17    XL:     9   Next: 51%
Magic:  9/9        EV: 13    Int: 10    God:    Trog [***...]
Gold:   199        SH: 15    Dex: 15    Spells: 0 memorised, 8 levels left

rFire  . . .     SeeInvis +     k - +0 war axe
rCold  . . .     Gourm    .     j - +0 ring mail (curse)
rNeg   + . .     Faith    .     w - +0 shield
rPois  .         Spirit   .     (no helmet)
rElec  .         Dismiss  .     (no cloak)
rCorr  .         Reflect  +     t - +0 pair of gloves
SustAt .         Harm     .     b - +0 pair of boots
MR     ++...                    d - +5 amulet of reflection
Stlth  ++++......               (no ring)
                                B - +6 ring of protection

@: regenerating, very resistant to hostile enchantments, stealthy
A: fangs 3, see invisible, unbreathing
a: Bat Form, Berserk, Trog's Hand, Burn Spellbooks, Renounce Religion


You were on level 9 of the Dungeon.
You worshipped Trog.
Trog was most pleased with you.
You were not thirsty.

You visited 1 branch of the dungeon, and saw 8 of its levels.

You collected 547 gold pieces.
You spent 348 gold pieces at shops.

Inventory:

Hand Weapons
 k - a +0 war axe (weapon)
Armour
 b - a +0 pair of boots (worn)
 j - a cursed +0 ring mail (worn)
 t - a +0 pair of gloves (worn)
 w - a +0 shield (worn)
Jewellery
 d - a +5 amulet of reflection (around neck)
 B - a +6 ring of protection (left hand)
Wands
 z - a wand of enslavement (0/24)
Scrolls
 f - 9 scrolls of identify {unknown}
 h - 3 scrolls of teleportation {unknown}
 l - a scroll of fear {unknown}
 m - a scroll of remove curse {unknown}
 n - 3 scrolls of immolation {unknown}
 p - 2 scrolls of magic mapping {unknown}
 q - 2 scrolls of enchant weapon {unknown}
 v - a scroll of random uselessness {unknown}
 y - a scroll of amnesia {unknown}
Potions
 a - a potion of cure mutation {unknown}
 c - 2 potions of mutation {unknown}
 e - 4 potions of brilliance {unknown}
 g - a potion of ambrosia {unknown}
 i - 5 potions of agility {unknown}
 o - 6 potions of curing {unknown}
 r - a potion of berserk rage {unknown}
 u - 3 potions of haste {unknown}
 x - a potion of degeneration {unknown}
 A - a potion of might {unknown}


   Skills:
 * Level 5.9 Fighting
 * Level 5.6 Axes
 - Level 1.5 Armour
 * Level 6.6 Dodging
 + Level 8.6 Stealth
 * Level 6.1 Shields


You had 8 spell levels left.
You didn't know any spells.

Dungeon Overview and Level Annotations

Branches:
Dungeon (7/15)             Temple (0/1) D:4

Altars:
Cheibriados
Dithmenos
Elyvilon
Gozag
Hepliaklqana
Makhleb
Nemelex Xobeh
Ru
Trog
Xom
Yredelemnul
Zin
The Shining One

Shops:
D:4 !   D:5 [   D:7 (

Annotations:
D:7 Prince Ribbit


Innate Abilities, Weirdness & Mutations

You have razor-sharp teeth.
You have supernaturally acute eyesight. (SInv)
You can survive without breathing.


Message History

The yak is heavily wounded.
You hit the yak.
You kill the yak!
Trog accepts your kill. The yak barely misses you. The yak gores you!
* * * LOW HITPOINT WARNING * * *
You slash the yak!
The yak is heavily wounded.
You hit the yak but do no damage.
The yak is almost dead.
You block the yak's attack. The yak gores you.
* * * LOW HITPOINT WARNING * * *
You block the yak's attack. x2
You hit the yak.
The yak is severely wounded.
You hit the yak.
You kill the yak!
Trog accepts your kill. The yak gores you.
You die...

###### #.....#
.......##
........#
........#
........#
....!.†@#####..
......††Y..[..#
..........#####
.......##.#
#.....# ..#
###### ...#
...# ...# ..#


You could see a yak.

Vanquished Creatures
  5 yaks (D:9)
  Edmund (D:5)
  Menkaure (D:5)
  Duvessa (D:5)
  2 orc warriors
  A sky beast (D:5)
  3 ogres (D:5)
  A phantom (D:5)
  A centaur (D:6)
  The ghost of badtown the Conjurer, an amateur DECj (D:3)
  2 giant frogs
  A scorpion (D:7)
  Dowan (D:5)
  2 howler monkeys (D:5)
  2 crimson imps
  A hound (D:7)
  A giant frog zombie (D:5)
  2 orc wizards
  3 jellies
  2 orc priests
  An iguana (D:5)
  A centaur skeleton (D:6)
  5 worker ants
  A killer bee zombie (D:5)
  A hound skeleton (D:6)
  A howler monkey skeleton (D:6)
  4 gnolls (D:3)
  4 adders
  3 shadow imps
  An ooze (D:3)
  An adder zombie (D:5)
  2 worms (D:3)
  An adder skeleton (D:7)
  5 dart slugs
  4 giant geckos
  23 orcs
  2 ball pythons
  4 giant cockroaches
  7 goblins
  5 hobgoblins
  2 jackals (D:1)
  7 kobolds
  A quokka (D:2)
  8 bats
  A giant gecko zombie (D:6)
  6 giant newts
  A quokka skeleton (D:4)
  5 rats
  A butterfly (D:4)
142 creatures vanquished.

Vanquished Creatures (others)
  2 orcs (D:6)
2 creatures vanquished.

Grand Total: 144 creatures vanquished

Notes
Turn   | Place    | Note
--------------------------------------------------------------
     0 | D:1      | shmeve the Vampire Berserker began the quest for the Orb.
     0 | D:1      | Reached XP level 1. HP: 17/17 MP: 1/1
   183 | D:1      | Reached XP level 2. HP: 22/23 MP: 2/2
   500 | D:1      | Found a glowing golden altar of the Shining One.
   648 | D:1      | Reached XP level 3. HP: 29/29 MP: 3/3
   869 | D:2      | Reached ** piety under Trog
   924 | D:2      | Found an opulent altar of Gozag.
  1326 | D:3      | Noticed badtown's ghost (amateur DECj)
  1333 | D:3      | Killed badtown's ghost
  1333 | D:3      | Reached skill level 2 in Stealth
  1333 | D:3      | Reached XP level 4. HP: 37/37 MP: 4/4
  1340 | D:3      | Reached XP level 5. HP: 10/42 MP: 5/5
  1584 | D:3      | Found a faded altar of an unknown god.
  1892 | D:3      | Reached skill level 3 in Stealth
  2323 | D:4      | Reached *** piety under Trog
  2363 | D:4      | Reached XP level 6. HP: 37/48 MP: 6/6
  2461 | D:4      | Found a white marble altar of Elyvilon.
  2611 | D:4      | Found a shadowy altar of Dithmenos.
  2617 | D:4      | Found a staircase to the Ecumenical Temple.
  2630 | D:4      | Found a burning altar of Makhleb.
  2668 | D:4      | Found a glowing silver altar of Zin.
  2668 | D:4      | Noticed an angel
  2669 | D:4      | Noticed an Executioner
  2698 | D:4      | Found a bloodstained altar of Trog.
  2785 | D:4      | Found a basalt altar of Yredelemnul.
  2914 | D:4      | Found Giqiekleaju's Distillery.
  2917 | D:4      | Bought a potion of heal wounds for 60 gold pieces
  2917 | D:4      | Bought a potion of heal wounds for 60 gold pieces
  2917 | D:4      | Bought 2 potions of heal wounds for 120 gold pieces
  2945 | D:5      | Entered Level 5 of the Dungeon
  2945 | D:5      | Noticed Menkaure
  3231 | D:5      | Killed Menkaure
  3335 | D:5      | Reached skill level 5 in Dodging
  3335 | D:5      | Reached skill level 4 in Stealth
  3335 | D:5      | Reached XP level 7. HP: 41/55 MP: 7/7
  3643 | D:5      | Found Yrood's Antique Armour Boutique.
  3663 | D:5      | Noticed Edmund
  3668 | D:5      | Found a snail-covered altar of Cheibriados.
  3690 | D:5      | Killed Edmund
  3690 | D:5      | Reached skill level 5 in Fighting
  3732 | D:5      | Bought a shield for 108 gold pieces
  3737 | D:5      | Noticed Duvessa
  3737 | D:5      | Noticed Dowan
  3742 | D:5      | Killed Dowan
  3742 | D:5      | Reached skill level 5 in Stealth
  3750 | D:5      | Killed Duvessa
  3750 | D:5      | Reached skill level 1 in Shields
  3750 | D:5      | Reached XP level 8. HP: 18/62 MP: 8/8
  4538 | D:5      | Reached skill level 6 in Stealth
  4874 | D:6      | Reached skill level 7 in Stealth
  4924 | D:6      | Found a glowing golden altar of the Shining One.
  4931 | D:6      | Found a sparkling altar of Nemelex Xobeh.
  5148 | D:6      | Received a gift from Trog
  5180 | D:6      | Reached skill level 5 in Shields
  5181 | D:6      | Reached skill level 8 in Stealth
  5394 | D:6      | Found a hazy altar of Hepliaklqana.
  5395 | D:6      | Found a shimmering altar of Xom.
  5399 | D:6      | Found a sacrificial altar of Ru.
  5490 | D:6      | Reached skill level 5 in Axes
  5924 | D:7      | Reached XP level 9. HP: 40/68 MP: 9/9
  6081 | D:7      | Found Utwy's Antique Weapon Shoppe.
  6466 | D:7      | Noticed Prince Ribbit
  7058 | D:7      | You fall through a shaft for 2 floors!
  7087 | D:9      | HP: 1/69 [yak (13)]
  7089 | D:9      | Slain by a yak

Vault maps used:
D:1:      dpeg_arrival_round_c, tso_altar
D:2:      nicolae_gozag_cash_rules_everything_around_me
D:3:      ecumenical_altar_1
D:4:      kennysheep_ying_yang, grunt_temple_overflow_order_and_chaos_2,
          kennysheep_mini_moat, minmay_temple_entry_butterflies, serial_shops,
          nicolae_shop_window_shopping, st_stairs_10, kennysheep_flooded_box
D:5:      kennysheep_slug_shrine, serial_shops, shop_statue, first_bread,
          st_stairs_7, uniq_menkaure, uniq_duvessa, uniq_edmund
D:6:      minitemple
D:7:      serial_shops, nicolae_shop_behind_doors, uniq_prince_ribbit1
D:9:      nicolae_overflow_hidden_temple, lemuel_round_altar, hangedman_ranch

Skill      XL: |  1  2  3  4  5  6  7  8  9 |
---------------+----------------------------+-----
Fighting       | 3 4 5 |  5.9
Dodging        | 3 4 5 6 |  6.6
Axes           | 3 4 5 |  5.6
Stealth        | 2 3 4 5 8 |  8.6
Shields        | 1 5 6 |  6.1
Armour         | |  1.5

Action                   |  1- 3 |  4- 6 |  7- 9 || total
-------------------------+-------+-------+-------++-------
Melee: Hand axe          |    88 |       |       ||    88
       Bite              |     8 |    12 |    52 ||    72
       War axe           |     6 |   102 |   317 ||   425
Invok: Berserk           |     1 |     2 |     2 ||     5
       Trog's Hand       |       |     1 |     3 ||     4
Evoke: Wand              |       |       |     5 ||     5
  Use: Potion            |       |     4 |     9 ||    13
 Stab: Sleeping          |       |     3 |    11 ||    14
       Distracted        |       |       |     1 ||     1
  Eat: Corpse            |    10 |     6 |    14 ||    30
Armor: Animal skin       |     8 |       |       ||     8
       Ring mail         |    34 |    20 |    76 ||   130
Dodge: Dodged            |    90 |    65 |   176 ||   331
Block: Other             |    28 |    25 |    34 ||    87
       Shield            |       |       |   182 ||   182
       Reflection        |       |       |     3 ||     3
